 Dungeon Crawl Stone Soup version 0.30.1-11-g7821555f0a (webtiles) character file.

Game seed: 3531661446016697222

1131 cowcol the Cleaver (level 8, -3/66 HPs)
             Began as a Minotaur Fighter on Dec 5, 2023.
             Killed from afar by a white imp (7 damage)
             ... with a puff of frost
             ... summoned by Eustachio
             ... on level 5 of the Dungeon.
             The game lasted 00:12:35 (6824 turns).

cowcol the Cleaver (Minotaur Fighter)               Turns: 6824, Time: 00:12:37

Health: -3/66      AC: 10    Str: 23    XL:     8   Next: 13%
Magic:  7/7        EV: 14    Int:  5    God:
Gold:   145        SH:  4    Dex: 10    Spells: 7/7 levels left

rFire   . . .        a - +0 war axe
rCold   . . .        c - +0 buckler
rNeg    . . .        b - +0 scale mail
rPois   .            (helmet restricted)
rElec   .            v - +0 cloak
rCorr   .            q - +0 pair of gloves
SInv    +            (no boots)
Will    .....        (no amulet) Stlth
                     n - ring of see invisible
HPRegen 0.31/turn    B - +5 ring of evasion
MPRegen 0.10/turn

%: no passive effects
@: no status effects
A: horns 2, retaliatory headbutt
a: no special abilities


You were on level 5 of the Dungeon.
You visited 1 branch of the dungeon, and saw 5 of its levels.

You collected 145 gold pieces.

Inventory:

Hand Weapons
 a - a +0 war axe (weapon)
 x - a +0 hammer
Missiles
 d - 8 poisoned darts (quivered)
 u - 4 curare-tipped darts
Armour
 b - a +0 scale mail (worn)
 c - a +0 buckler (worn)
 q - a +0 pair of gloves (worn)
 r - a +0 plate armour
 v - a +0 cloak (worn)
Jewellery
 k - a ring of protection from cold
 n - a ring of see invisible (left hand)
 B - a +5 ring of evasion (right hand)
 C - a ring of wizardry
 D - a ring of magical power
Scrolls
 f - 4 scrolls of identify
 h - a scroll of brand weapon
 i - a scroll of immolation
 m - a scroll of fog
 s - 2 scrolls of teleportation
 t - a scroll of amnesia
 w - a scroll of blinking
 y - a scroll of vulnerability
 A - 3 scrolls of enchant weapon
 E - a scroll of enchant armour {unknown}
Potions
 e - a potion of flight {unknown}
 g - a potion of heal wounds {unknown}
 j - a potion of berserk rage {unknown}
 l - 2 potions of magic {unknown}
 o - a potion of mutation {unknown}
 p - a potion of brilliance
 z - a potion of attraction {unknown}


   Skills:
 - Level 4.0 Fighting
 + Level 8.7 Axes
 + Level 1.7 Throwing
 + Level 8.2 Armour
 - Level 3.6 Shields


You had 7 spell levels left.
You didn't know any spells.
Your spell library contained the following spells:

 Spells                   Type           Power      Damage    Failure   Level
 Lesser Beckoning         Tloc           0%         N/A       91%         2
 Gell's Gravitas          Tloc           0%         N/A       99%         3
 Portal Projectile        Hex/Tloc       0%         N/A       99%         3
 Teleport Other           Tloc           0%         N/A       99%         3
 Tukima's Dance           Hex            0%         N/A       99%         3
 Summon Lightning Spire   Summ/Air       0%         N/A       100%        4
 Blade Hands              Tmut           0%         N/A       100%        5
 Storm Form               Tmut/Air       0%         N/A       100%        7
 Maxwell's Capacitive Co  Air            0%         ∞         100%        8


Dungeon Overview and Level Annotations

Branches:
Dungeon (5/15)
 Temple: D:4-7

Altars:
Dithmenos
Fedhas
Ru
Trog
Uskayaw
Vehumet
Xom
The Shining One

Shops:
D:2 :

Annotations:
D:3 1 runed translucent door, Crazy Yiuf
D:5 Eustachio


Innate Abilities, Weirdness & Mutations

You have a pair of horns on your head.
You reflexively headbutt those who attack you in melee.


Message History

The puff of frost hits you but does no damage.
The white imp gestures at you. The puff of frost hits you.
You barely miss Eustachio.
Eustachio is severely wounded.
Eustachio completely misses you. The white imp gestures at you.
The puff of frost hits you!
You closely miss Eustachio.
Eustachio is severely wounded.
You slash the white imp!
Eustachio hits you with a +0 vampiric rapier.
* * * LOW HITPOINT WARNING * * *
Eustachio draws strength from your wounds!
The rat twitches its whiskers.
The white imp gestures at you.
The puff of frost hits you but does no damage.
You barely miss Eustachio.
Eustachio is heavily wounded.
You hit the white imp but do no damage. You hit the white imp.
You kill the white imp!
The white imp disappears in a puff of smoke!
Eustachio hits you with a +0 vampiric rapier.
* * * LOW HITPOINT WARNING * * *
Eustachio draws strength from your wounds!
The white imp gestures at you. The puff of frost hits you.
* * * LOW HITPOINT WARNING * * *
Eustachio asks, "How can you live without manners, virtues and honour?"
Eustachio hits you with a +0 vampiric rapier!
* * * LOW HITPOINT WARNING * * *
Eustachio draws strength from your wounds!
You slash Eustachio!
Eustachio is almost dead.
You closely miss the white imp. You hit the ufetubus. The ufetubus misses you.
The ufetubus hits you but does no damage.
The ufetubus misses you. You block the ufetubus's attack.
The white imp gestures at you. The puff of frost hits you!
You die...

##.######## #.# #.#
##'## # ##...## #.
## ##.....## #.##.##
##.......##
#....5####.........#
#..r5@†.).........+
##..@####.........#
##..# ##.......##
##.# ##.....## #.#
##...## #.# ##'##
#.# ..# #.# .... #.#
..##.


You could see Eustachio, a white imp (summoned), an ufetubus (summoned) and a
rat (summoned).

Vanquished Creatures
  Edmund (D:5)
  An ogre (D:4)
  A centaur (D:4)
  2 phantoms
  3 scorpions
  A howler monkey (D:5)
  An orc priest (D:5)
  2 hounds
  A jelly (D:4)
  Jessica (D:3)
  4 iguanas
  A sleepcap (D:5)
  An orc wizard (D:4)
  7 adders
  2 river rats (D:5)
  2 white imps (D:5)
  3 worms
  5 orcs
  11 endoplasms
  8 giant cockroaches
  7 goblins
  6 hobgoblins
  6 jackals
  2 quokkas (D:5)
  5 ball pythons
  5 bats (D:1)
  4 frilled lizards
  7 kobolds
  10 rats
110 creatures vanquished.

Notes
Turn   | Place    | Note
-------+----------+-------------------------------------------
     0 | D:1      | cowcol the Minotaur Fighter began the quest for the Orb.
     0 | D:1      | Reached XP level 1. HP: 19/19 MP: 0/0
     1 | D:1      | Found a runed translucent door.
   364 | D:1      | Reached XP level 2. HP: 27/27 MP: 1/1
  1068 | D:1      | Reached XP level 3. HP: 33/33 MP: 2/2
  1581 | D:2      | Found a shimmering altar of Xom.
  1672 | D:2      | Found Qaykuoqy's Book Emporium.
  2322 | D:3      | Found a glowing golden altar of the Shining One.
  2351 | D:3      | Found a shadowy altar of Dithmenos.
  2351 | D:3      | Found a bloodstained altar of Trog.
  2352 | D:3      | Found a blossoming altar of Fedhas.
  2370 | D:3      | Found a radiant altar of Vehumet.
  2448 | D:3      | Reached XP level 4. HP: 40/40 MP: 3/3
  2468 | D:3      | Noticed Jessica
  2482 | D:3      | Killed Jessica
  2483 | D:3      | Reached skill level 5 in Armour
  3076 | D:3      | Found a runed translucent door.
  3077 | D:3      | Noticed Crazy Yiuf
  3496 | D:4      | Noticed a phantom
  3505 | D:4      | Killed a phantom
  3506 | D:4      | Reached skill level 5 in Axes
  3506 | D:4      | Reached XP level 5. HP: 43/46 MP: 4/4
  3557 | D:4      | Found a sacrificial altar of Ru.
  3579 | D:4      | Noticed an ogre
  3592 | D:4      | Killed an ogre
  3593 | D:4      | Reached XP level 6. HP: 35/52 MP: 5/5
  4334 | D:4      | Reached skill level 1 in Throwing
  4850 | D:4      | Reached XP level 7. HP: 40/59 MP: 6/6
  5664 | D:5      | Entered Level 5 of the Dungeon
  5691 | D:5      | Found a hide-covered altar of Uskayaw.
  5946 | D:5      | Noticed Eustachio
  6782 | D:5      | Reached XP level 8. HP: 66/66 MP: 7/7
  6785 | D:5      | Noticed Edmund
  6800 | D:5      | Killed Edmund
  6824 | D:5      | Killed from afar by a white imp

Illustrated notes

Levels and vault maps discovered:
D:1:      dpeg_arrival_caged_fury, layout_basic, serial_corexii_hall,
          corexii_hall_statues_i, corexii_hall_statues_l
D:2:      layout_basic, basic_altar, serial_shops, shop
D:3:      layout_basic, mainiacjoe_overflow_concentric_impassable,
          nicolae_overflow_quartered_altars, wad_floor_pattern_2,
          minmay_misc_feat_four_crosses, uniq_crazy_yiuf_cottage, uniq_jessica
D:4:      layout_basic, kennysheep_mini
D:5:      layout_loops_corners, eat_drink_and_be_merry_uskayaw, temple_hall,
          serial_shops, nicolae_stop_n_shop_2, gup_sewer_entry_spiral,
          grunt_ministairs_10, kennysheep_generic_room_12, uniq_edmund,
          uniq_eustachio

Skill      XL: |  1  2  3  4  5  6  7  8 |
---------------+-------------------------+-----
Armour         | 4 5 6 7 8 |  8.2
Fighting       | 4 |  4.0
Axes           | 3 5 7 8 |  8.7
Throwing       | 1 |  1.7
Shields        | |  3.6

Action                     |  1- 3 |  4- 6 |  7- 9 || total
---------------------------+-------+-------+-------++-------
  Melee: War axe           |   106 |    79 |   122 ||   307
         Headbutt          |     9 |    11 |    18 ||    38
  Throw: Dart              |       |    10 |       ||    10
    Use: Potion            |     4 |     1 |     3 ||     8
         Scroll            |     3 |     4 |     1 ||     8
 Armour: Scale mail        |    42 |    34 |    36 ||   112
  Dodge: Dodged            |    29 |    39 |    89 ||   157
  Block: Buckler           |    18 |    23 |    18 ||    59
